 Dungeon Crawl Stone Soup version 0.18.1-5-g4a78601 (webtiles) character file.

3170 Jerry the Protected (level 9, -1/70 HPs)
             Began as a Minotaur Fighter on May 9, 2016.
             Was an Elder of Pakellas.
             Killed from afar by Erica (18 damage)
             ... with an orb of energy
             ... on level 8 of the Dungeon.
             The game lasted 00:44:23 (8617 turns).

Jerry the Protected (Minotaur Fighter)              Turns: 8617, Time: 00:44:23

Health: -1/70      AC: 17    Str: 26    XL:     9   Next: 63%
Magic:  11/11      EV:  9    Int:  5    God:    Pakellas [****..]
Gold:   63         SH: 13    Dex: 16    Spells: 0 memorised, 8 levels left

rFire  + + +     SeeInvis .     U - +1 flail (protect)
rCold  + + .     Gourm    .     y - +2 ring mail {rF+}
rNeg   . . .     Faith    .     c - +0 shield
rPois  +         Spirit   .     (helmet restricted)
rElec  +         Dismiss  .     (no cloak)
rCorr  +         Reflect  .     (no gloves)
SustAt .         Harm     .     V - +2 pair of boots "Vocin" {Dex+3}
MR     .....                    (no amulet)
Stlth  +.........               v - ring of protection from cold
                                u - ring of protection from fire

@: mighty, resistant, not resistant to hostile enchantments, very unstealthy
A: retaliatory headbutt, horns 2
a: Quick Charge, Device Surge, Renounce Religion


You were on level 8 of the Dungeon.
You worshipped Pakellas.
Pakellas was greatly pleased with you.
You were not hungry.

You visited 2 branches of the dungeon, and saw 9 of its levels.
You also visited: Ossuary.

You collected 368 gold pieces.
You spent 305 gold pieces at shops.

Inventory:

Hand Weapons
 a - a +0 war axe
 D - the +5 dagger "Baschieg" {freeze, rN+, unknown}
   (You found it on level 5 of the Dungeon)

   It has been specially enchanted to freeze those struck by it, causing extra
   injury to most foes and up to half again as much damage against particularly
   susceptible opponents.
   It can also slow down cold-blooded creatures.
   It protects you from negative energy.
 L - a cursed +3 flail of freezing
 U - a +1 flail of protection (weapon)
Missiles
 t - 4 throwing nets (quivered)
Armour
 c - a +0 shield (worn)
 y - a +2 ring mail of fire resistance (worn)
 V - the +2 pair of boots "Vocin" (worn) {Dex+3}
   (You bought it in a shop on level 8 of the Dungeon)

   It affects your dexterity (+3).
Magical Staves
 Q - an uncursed staff of fire
Jewellery
 r - an uncursed ring of wizardry
 u - a ring of protection from fire (left hand)
 v - a ring of protection from cold (right hand)
 M - an uncursed ring of ice
Wands
 q - a wand of lightning (13/15)
 G - a wand of flame (12/48)
 I - a wand of iceblast (5/15)
 P - a wand of lightning (7/15)
Scrolls
 e - a scroll of blinking
 g - 4 scrolls of magic mapping {unknown}
 h - 7 scrolls of identify {unknown}
 i - a scroll of fear {unknown}
 k - 2 scrolls of amnesia {unknown}
 m - 3 scrolls of fog {unknown}
 n - a scroll of recharging {unknown}
 p - 4 scrolls of teleportation
 s - 3 scrolls of enchant weapon {unknown}
 x - a scroll of enchant armour {unknown}
 H - 6 scrolls of remove curse {unknown}
 J - 4 scrolls of random uselessness {unknown}
 N - a scroll of silence {unknown}
 O - 2 scrolls of immolation {unknown}
 S - a scroll of vulnerability {unknown}
Potions
 b - 3 potions of lignification {unknown}
 d - 3 potions of might
 j - 2 potions of curing
 o - 2 potions of agility {unknown}
 w - 2 potions of heal wounds {unknown}
 z - a potion of degeneration {unknown}
 A - a potion of ambrosia {unknown}
 B - a potion of mutation {unknown}
Books
 C - a book of Party Tricks

   Spells                             Type                      Level
   a - Summon Butterflies             Summoning                    1
   b - Apportation                    Translocation                1
   c - Tukima's Dance                 Hexes                        3
   d - Alistair's Intoxication        Transmutation/Poison         5
   e - Invisibility                   Hexes                        6
Miscellaneous
 K - a box of beasts {used: 3}
 W - a stone of tremors
Comestibles
 f - 7 bread rations
 l - 7 meat rations
 E - a royal jelly
 F - 4 beef jerkies
 T - 6 chunks of flesh


   Skills:
 - Level 3.6 Fighting
 - Level 3.0 Axes
 + Level 3.1 Staves
 + Level 10.6 Armour
 + Level 10.4 Shields
 + Level 5.2 Evocations


You had 8 spell levels left.
You didn't know any spells.

Dungeon Overview and Level Annotations

Branches:
Dungeon (8/15)             Temple (1/1) D:5
   Lair: D:8-11

Altars:
Ashenzari
Cheibriados
Dithmenos
Elyvilon
Fedhas
Gozag
Makhleb
Nemelex Xobeh
Okawaru
Pakellas
Qazlal
Ru
Sif Muna
Trog
Vehumet
Xom
Yredelemnul
Zin
The Shining One

Shops:
D:8 [

Annotations:
D:8 Erica


Innate Abilities, Weirdness & Mutations

You reflexively headbutt those who attack you in melee.
You have a pair of horns on your head.


Message History

You can't drink that!
Drink which item? (? for menu, Esc to quit)
You feel better. You block something's attack.
You swap places.
Something hits you! Something hits you.
You barely miss something.
You hear some strange, mumbled words.
An orb of energy appears from out of thin air!
The orb of energy hits you!
* * * LOW HITPOINT WARNING * * *
You hear some strange, mumbled words.
Your juvenile firebat beast resists with some effort.
You hear some strange, mumbled words.
Your juvenile firebat beast appears confused.
You block your juvenile firebat beast's attack.
You hear some strange, mumbled words.
An orb of energy appears from out of thin air!
The orb of energy hits you!
You die...
Pakellas says: Good help is so hard to find these days!

........###.......#...##.#
............##....).####.###
..........####.##..........#
#####...#..###.##..........#
###.............#..........#####
........>......................##
###....<........................#
.............<...................
.............##.@..#.............
.................#..##...........
............#...>##..............
............##...................
............##...######..........
###.........##...# #..........
####.##.####...# ##..........
#####......##...# ##..........
##...####.#.###.#####...........


There were no monsters in sight!

Vanquished Creatures
  Eustachio (D:6)
  A water moccasin (D:7)
  2 ice beasts (D:6)
  A sky beast (D:7)
  A centaur (D:6)
  A crocodile (D:7)
  2 ogres
  A big kobold (D:5)
  3 giant frogs
  A wyvern zombie (D:7)
  5 water moccasin zombies (Ossuary)
  3 scorpions
  A water moccasin skeleton (D:8)
  6 killer bees (D:8)
  5 wights (D:6)
  A howler monkey (D:5)
  2 centaur zombies
  An orc priest (D:3)
  2 centaur skeletons
  A giant frog skeleton (D:4)
  4 hounds
  2 orc wizards (D:7)
  5 worker ants
  An iguana (D:8)
  2 big kobold zombies (Ossuary)
  A hound zombie (D:6)
  A mummy (Ossuary)
  2 hound skeletons
  Robin (D:3)
  13 gnolls
  12 adders
  3 shadow imps
  5 adder zombies (Ossuary)
  An adder skeleton (D:6)
  2 worms
  2 dart slugs (D:2)
  3 giant geckos
  15 orcs
  7 bats
  4 giant cockroaches
  2 gnoll zombies (Ossuary)
  20 goblins
  17 hobgoblins
  3 jackals (D:3)
  A giant cockroach zombie (D:5)
  3 giant newts
  3 hobgoblin zombies (Ossuary)
  20 kobolds
  7 kobold zombies (Ossuary)
  An orc zombie (Ossuary)
  A quokka skeleton (D:5)
  10 rats
215 creatures vanquished.

Vanquished Creatures (collateral kills)
  A mummy (Ossuary)
1 creature vanquished.

Grand Total: 216 creatures vanquished

Notes
Turn   | Place    | Note
--------------------------------------------------------------
     0 | D:1      | Jerry the Minotaur Fighter began the quest for the Orb.
     0 | D:1      | Reached XP level 1. HP: 19/19 MP: 0/0
   384 | D:1      | Reached XP level 2. HP: 26/26 MP: 1/1
  1155 | D:2      | Found an opulent altar of Gozag.
  1280 | D:2      | Reached XP level 3. HP: 31/31 MP: 2/2
  1310 | D:2      | Found an iron altar of Okawaru.
  1569 | D:2      | Reached XP level 4. HP: 14/39 MP: 3/3
  1983 | D:2      | Reached skill level 5 in Armour
  2482 | D:3      | Reached skill level 5 in Shields
  2555 | D:3      | Found a glowing golden altar of the Shining One.
  2574 | D:3      | Reached XP level 5. HP: 26/45 MP: 4/4
  2787 | D:3      | Found a burning altar of Makhleb.
  2787 | D:3      | Found a bloodstained altar of Trog.
  2959 | D:3      | Noticed Robin
  2968 | D:3      | Killed Robin
  3493 | D:4      | Reached XP level 6. HP: 21/51 MP: 5/5
  3509 | D:3      | HP: 1/51 [poisoned by a worker ant]
  4101 | D:4      | Reached XP level 7. HP: 48/57 MP: 6/6
  4585 | D:5      | Entered Level 5 of the Dungeon
  4601 | D:5      | Found a staircase to the Ecumenical Temple.
  4608 | Temple   | Entered the Ecumenical Temple
  4670 | Temple   | Became a worshipper of Pakellas the Inventive
  4816 | D:5      | Got a crude dagger
  4921 | D:5      | Reached * piety under Pakellas
  4921 | D:5      | Received a gift from Pakellas
  5384 | D:5      | Reached skill level 1 in Evocations
  5570 | D:6      | Noticed Eustachio
  5589 | D:5      | Reached ** piety under Pakellas
  5589 | D:5      | Received a gift from Pakellas
  5593 | D:5      | Reached XP level 8. HP: 63/64 MP: 8/8
  5614 | D:6      | Found a shimmering altar of Xom.
  5618 | D:6      | Killed Eustachio
  5637 | D:6      | Found a glowing silver altar of Zin.
  5867 | D:6      | Found a sand-covered staircase.
  5940 | Ossuary  | Entered an ossuary
  6358 | Ossuary  | Reached *** piety under Pakellas
  6358 | Ossuary  | Received a gift from Pakellas
  6825 | D:6      | Reached XP level 9. HP: 63/70 MP: 11/11
  7444 | D:7      | Reached skill level 10 in Armour
  7496 | D:7      | Reached skill level 1 in Staves
  7981 | D:7      | Reached skill level 10 in Shields
  8183 | D:8      | Found a stormy altar of Qazlal.
  8212 | D:8      | Reached skill level 5 in Evocations
  8369 | D:8      | Found Qerrityq's Armour Shop.
  8372 | D:8      | Bought the +2 pair of boots "Vocin" {Dex+3} for 305 gold pieces
  8420 | D:8      | Reached **** piety under Pakellas
  8420 | D:8      | Received a gift from Pakellas
  8589 | D:8      | Noticed Erica
  8617 | D:8      | Killed from afar by Erica

Skill      XL: |  1  2  3  4  5  6  7  8  9 |
---------------+----------------------------+-----
Axes           | 3 |  3.0
Shields        | 4 5 6 7 8 9 10 | 10.4
Armour         | 4 5 6 7 8 9 10 | 10.6
Evocations     | 2 4 5 |  5.2
Staves         | 3 |  3.1
Fighting       | |  3.6

Action                   |  1- 3 |  4- 6 |  7- 9 || total
-------------------------+-------+-------+-------++-------
Melee: War axe           |    75 |   156 |   425 ||   656
       Headbutt          |    10 |    25 |   113 ||   148
       Flail             |       |       |    54 ||    54
Invok: Device Surge      |       |       |     2 ||     2
Evoke: Box of beasts     |       |       |     3 ||     3
  Use: Potion            |       |     2 |     5 ||     7
       Scroll            |       |     2 |       ||     2
 Stab: Distracted        |       |       |     1 ||     1
  Eat: Chunk             |     2 |     8 |    13 ||    23
       Pizza             |       |     1 |       ||     1
       Fruit             |       |       |     3 ||     3
Armor: Scale mail        |    24 |    14 |       ||    38
       Ring mail         |       |    46 |   181 ||   227
Dodge: Dodged            |    17 |    58 |   171 ||   246
Block: Shield            |    38 |   100 |   296 ||   434
